 Dungeon Crawl Stone Soup version 0.28.0-43-g3370ac3207 (webtiles) character file.

Game seed: 10449600276393477324

350 Eitelfritz the Slasher (level 6, -5/51 HPs)
             Began as a Minotaur Gladiator on Mar 3, 2022.
             Killed from afar by an acid dragon (30 damage)
             ... with a splash of acid
             ... on level 4 of the Dungeon.
             The game lasted 00:05:50 (3303 turns).

Eitelfritz the Slasher (Minotaur Gladiator)         Turns: 3303, Time: 00:05:51

Health: -5/51      AC:  8    Str: 19    XL:     6   Next: 33%
Magic:  5/5        EV: 11    Int:  7    God:
Gold:   183        SH:  0    Dex: 11    Spells: 5/5 levels left

rFire   + . .      SeeInvis .   a - +0 long sword
rCold   . . .      Faith    .   (no shield)
rNeg    . . .      Spirit   .   k - +0 scale mail
rPois   .          Reflect  .   c - +0 hat
rElec   .          Harm     .   (no cloak)
rCorr   .          Rampage  .   (no gloves)
Will    +....                   i - +0 pair of boots
Stlth   ..........              (no amulet)
HPRegen 0.17/turn               h - ring of willpower
MPRegen 0.09/turn               r - ring of protection from fire

@: no status effects
A: horns 2, retaliatory headbutt
a: no special abilities


You were on level 4 of the Dungeon.
You visited 1 branch of the dungeon, and saw 4 of its levels.

You collected 183 gold pieces.

Inventory:

Hand Weapons
 a - a +0 long sword (weapon)
Missiles
 b - 2 silver boomerangs
 d - 4 throwing nets (quivered)
 t - 2 poisoned darts
Armour
 c - a +0 hat (worn)
 i - a +0 pair of boots (worn)
 k - a +0 scale mail (worn)
Jewellery
 h - a ring of willpower (left hand)
 r - a ring of protection from fire (right hand)
Scrolls
 j - 2 scrolls of blinking
Potions
 e - a potion of flight {unknown}
 g - a potion of haste
 n - 2 potions of might
 o - a potion of heal wounds {unknown}
 p - 2 potions of invisibility
 q - a potion of curing


   Skills:
 + Level 3.5 Fighting
 + Level 6.3 Long Blades
 + Level 2.4 Throwing
 + Level 3.2 Armour
 + Level 4.0 Dodging
 + Level 1.2 Stealth


You had 5 spell levels left.
You didn't know any spells.
Your spell library was empty.

Dungeon Overview and Level Annotations

Branches:
Dungeon (4/15)
 Temple: D:4-7

Altars:


Innate Abilities, Weirdness & Mutations

You have a pair of horns on your head.
You reflexively headbutt those who attack you in melee.


Message History

The gnoll is lightly wounded.
The gnoll closely misses you.
An orc comes into view. It is wielding a +0 hand axe.
The orc priest calls down the wrath of Beogh upon you.
Beogh smites you!
You hear a shout! x2
You barely miss the gnoll. The gnoll hits you but does no damage.
You slash the gnoll!
You kill the gnoll!
Your Stealth skill increases to level 1!
You see here a +0 spear.
There is a stone staircase leading down here.
You closely miss the orc priest.
The orc priest invokes the aid of Beogh against you.
Beogh smites you!
You slash the orc priest!
The orc priest is almost dead.
The orc priest closely misses you.
You barely miss the orc priest. Your headbutt misses the orc priest.
The orc priest is almost dead.
The orc priest calls down the wrath of Beogh upon you.
Pain shoots through your body!
* * * LOW HITPOINT WARNING * * *
You slash the orc priest!
You kill the orc priest!
You barely miss the orc. The orc barely misses you.
You hit the orc.
The orc is lightly wounded.
The orc hits you with a +0 hand axe.
* * * LOW HITPOINT WARNING * * *
You feel better. The orc barely misses you.
You hit the orc.
You kill the orc!
You start resting.
An acid dragon comes into view.
The acid dragon roars!
The acid dragon spits acid at you. The splash of acid hits you!!
Ouch! That really hurt!
You die...

#.#######.# ## #.# #.#
#.# ######.## #.#
#.######...#...######.#
##....................#
#.#...##.#.#...##.##..#
#.....#.#.#...##.##..##
#....†..#...#.........##
#.....#@................
##...##........©........
##.###..#############..
#># #..#.....?$....#..
############.# #..#..
........#..
.............###D.#
#...##. #..
......o###...D....# ...
#. #.. ....##)#
##.####..# .. #..
###.##.####.# # #..


You could see an acid dragon (catching breath).

Vanquished Creatures
  A black bear (D:4)
  An orc priest (D:4)
  A jelly (D:3)
  A gnoll shaman (D:3)
  Jessica (D:3)
  9 gnolls
  An adder (D:3)
  2 dart slugs
  An orc (D:4)
  8 endoplasms
  4 giant cockroaches
  5 hobgoblins
  6 ball pythons
  A bat (D:1)
  4 frilled lizards
  8 goblins
  5 kobolds
  3 rats (D:1)
62 creatures vanquished.

Notes
Turn   | Place    | Note
-------+----------+-------------------------------------------
     0 | D:1      | Eitelfritz the Minotaur Gladiator began the quest for the
                  | Orb.
     0 | D:1      | Reached XP level 1. HP: 18/18 MP: 0/0
   460 | D:1      | Reached skill level 4 in Long Blades
   460 | D:1      | Reached XP level 2. HP: 25/25 MP: 1/1
   461 | D:1      | Found a faded altar of an unknown god.
  1177 | D:2      | Reached XP level 3. HP: 29/30 MP: 2/2
  1306 | D:1      | Reached skill level 1 in Armour
  1887 | D:2      | Reached XP level 4. HP: 36/37 MP: 3/3
  2283 | D:3      | Noticed Jessica
  2336 | D:3      | Killed Jessica
  2337 | D:3      | Reached skill level 5 in Long Blades
  2881 | D:3      | Reached XP level 5. HP: 43/45 MP: 4/4
  3126 | D:4      | Noticed a black bear
  3137 | D:4      | Killed a black bear
  3138 | D:4      | Reached skill level 6 in Long Blades
  3138 | D:4      | Reached XP level 6. HP: 51/51 MP: 5/5
  3234 | D:4      | Reached skill level 1 in Stealth
  3299 | D:4      | Noticed an acid dragon
  3303 | D:4      | Killed from afar by an acid dragon

Illustrated notes

Levels and vault maps discovered:
D:1:      sevenhm_arrival_forest_fort_small_3, layout_basic,
          hellmonk_ecumenical_altar_run_dry, grunt_decor_one_mirror
D:2:      layout_basic, serial_forest, infiniplex_forest_clump_medium,
          infiniplex_forest_clump_small, infiniplex_forest_end_double,
          infiniplex_forest_end_1, infiniplex_forest_lined_room_,
          infiniplex_forest_zigzag_1, infiniplex_forest_lined_room_,
          infiniplex_forest_join
D:3:      layout_rooms, uniq_jessica
D:4:      layout_loops_ring, gammafunk_ghost_mausoleum,
          corexii_item_surrounded_by_moat

Skill      XL: |  1  2  3  4  5  6 |
---------------+-------------------+-----
Long Blades    | 4 5 6 |  6.3
Armour         | 1 2 3 |  3.2
Fighting       | 3 |  3.5
Dodging        | 4 |  4.0
Stealth        | 1 |  1.2
Throwing       | |  2.4

Action                   |  1- 3 |  4- 6 || total
-------------------------+-------+-------++-------
Melee: Long sword        |    78 |    63 ||   141
       Headbutt          |    16 |     7 ||    23
       Punch             |       |     1 ||     1
Throw: Dart              |       |     1 ||     1
       Throwing net      |       |     1 ||     1
  Use: Scroll            |       |     8 ||     8
       Potion            |       |     1 ||     1
 Stab: Held in net/web   |       |     2 ||     2
Armor: Leather armour    |    12 |       ||    12
       Scale mail        |    18 |    29 ||    47
Dodge: Dodged            |    43 |    36 ||    79
